cohdb
Replays
Latest Replays
All Replays
Popular Replays
Top Player Replays
Match Explorer
How It Works
Community
CoH3 Stats
Reddit
Sign in to upload your games and track your stats! →
Sign in with Steam
Match 40526462
Unlisted
Match 40526462
Overview
Messages
Build Orders
End
Vickers Machine Gun Team
Selects Heavy Armor Battlegroup
Construct Section Command Post
Infantry Section
Dingo Light Scout Car
Construct Platoon Command Post
Infantry Section
Selects Rigorous Vehicle Training
Selects Forward Repair Assembly
Humber Armored Car
Unlock M3 Stuart Light Tanks
Selects Light Vehicle Withdraw and Refit
Light Vehicle Withdraw and Refit
M3 Stuart Light Tank
Grenade Package
CMP 15cwt Truck
M3 Stuart Light Tank
Selects Radio Net
M3 Stuart Light Tank
6-pounder Anti-tank Gun Team
Selects UNKNOWN (2162094)
Kylen
BayouBoys spec ops command.
Sniper Ste
Losttruppen
Nightsighter
JIALLMD-🆁ec-
0
0
Comments
sign in to comment!
No comments posted yet!